AoeStats
← CazadorGT

Arena

510626058Analyzed
4v4 RM · 21h ago on Oct 1, 2026· 52m 5s· 8 players
Game mode
Random Map
Map size
Large (8 player)
Population
200
Speed
Normal
Resources
Standard
Victory
Conquest
Starting age
Dark Age
Ending age
Imperial Age
RankedLock teamsTeams togetherTeam positionsShared explorationLock speedFull tech treeHidden civsTurbo modeCheats
Victory
Defeat
🇬🇹 Bohemians · Guatemala
1125
+11
🇪🇸 Turks · Spain
1017
+15
🇺🇸 Persians · United States
1000
+48
🇦🇷 Franks · Argentina
917
+18
🇦🇷 Bohemians · Argentina
1041
-17
🇦🇷 Hindustanis · Argentina
1032
-17
🇦🇷 Lithuanians · Argentina
954
-13
🇦🇷 Italians · Argentina
945
-13
Kikelot
11:42 Feudal Age
15:31 Castle Age
15:32 Double-Bit Axe
16:05 Bloodlines
16:30 Forging
16:25 Scale Barding Armor
16:53 Horse Collar
20:32 Gold Mining
23:54 Iron Casting
24:27 Wheelbarrow
24:43 Bow Saw
25:08 Gold Shaft Mining
25:00 Husbandry
26:51 Gold Shaft Mining
28:08 Heavy Plow
29:33 Loom
29:41 Stone Mining
30:07 Hand Cart
29:38 Town Watch
31:03 Chain Barding Armor
33:56 Stone Shaft Mining
36:24 Imperial Age
38:00 Plate Barding Armor
36:46 Heavy Camel Rider
39:01 Two-Man Saw
39:18 Blast Furnace
39:12 Imperial Camel Rider
42:39 Conscription
42:21 Grand Trunk Road
44:13 Caravan
45:33 Onager
46:31 Masonry
46:27 Siege Engineers
46:34 Fortified Wall
46:46 Ballistics
mariano34355
9:40 Feudal Age
16:29 Castle Age
15:48 Double-Bit Axe
15:54 Stone Mining
15:57 Gold Mining
22:25 Forging
29:27 Scale Barding Armor
36:54 Horse Collar
37:53 Scale Mail Armor
38:21 Hill Forts
45:40 Imperial Age
45:07 Iron Casting
45:24 Elite Skirmisher
45:50 Cavalier
Dantito
4:12 Loom
10:34 Feudal Age
15:05 Castle Age
14:18 Padded Archer Armor
19:34 Double-Bit Axe
30:59 Leather Archer Armor
32:57 Chemistry
33:41 Bow Saw
37:52 Imperial Age
40:44 Pikeman
41:25 Squires
davis
3:53 Loom
11:24 Feudal Age
15:52 Double-Bit Axe
20:38 Castle Age
18:41 Horse Collar
19:37 Gold Mining
20:46 Stone Mining
20:50 Fletching
21:01 Crossbowman
22:58 Bodkin Arrow
24:12 Thumb Ring
27:00 Padded Archer Armor
28:36 Leather Archer Armor
30:54 Elite Skirmisher
37:22 Imperial Age
37:40 Stone Shaft Mining
37:17 Bow Saw
40:24 Ballistics
40:10 Bracer
42:29 Chemistry
41:55 Arbalester
44:33 Ring Archer Armor
CazadorGT
11:58 Feudal Age
12:52 Double-Bit Axe
12:48 Horse Collar
15:52 Castle Age
14:31 Forging
19:07 Bow Saw
18:51 Loom
21:54 Heavy Plow
29:16 Imperial Age
29:57 Redemption
33:50 Block Printing
40:38 Fletching
44:04 Fervor
44:15 Sanctity
44:47 Wheelbarrow
43:59 Town Watch
47:18 Two-Man Saw
46:03 Elite Hussite Wagon
46:47 Fletching
48:17 Chemistry
48:15 Conscription
48:22 Bodkin Arrow
50:41 Houfnice
CheesyCheeseBoi215CheeseLover
10:31 Feudal Age
14:23 Castle Age
12:56 Double-Bit Axe
13:04 Horse Collar
15:28 Bow Saw
15:57 Heavy Plow
27:14 Fletching
30:54 Imperial Age
29:10 Stone Mining
29:10 Gold Mining
29:33 Loom
30:24 Wheelbarrow
29:34 Town Watch
30:00 Bodkin Arrow
30:06 Padded Archer Armor
30:12 Scale Barding Armor
30:18 Forging
30:37 Crossbowman
31:23 Thumb Ring
31:34 Kamandaran
31:59 Conscription
32:38 Leather Archer Armor
32:44 Chain Barding Armor
33:44 Two-Man Saw
33:17 Crop Rotation
33:12 Elite War Elephant
34:18 Hand Cart
34:13 Town Patrol
35:28 Plate Barding Armor
35:29 Iron Casting
36:47 Citadels
37:13 Hoardings
40:31 Ring Archer Armor
41:01 Blast Furnace
40:03 Scale Mail Armor
44:40 Chain Mail Armor
44:42 Masonry
45:34 Chemistry
44:55 Ballistics
44:49 Masonry
49:58 Architecture
rovaal5
7:59 Loom
10:28 Feudal Age
11:00 Gold Mining
10:58 Double-Bit Axe
16:11 Castle Age
17:27 Gold Shaft Mining
18:46 Fortified Wall
21:12 Bow Saw
25:22 Imperial Age
23:21 Horse Collar
27:29 Bow Saw
27:59 Wheelbarrow
34:59 Hand Cart
37:13 Stone Mining
41:14 Bloodlines
41:05 Husbandry
43:49 Artillery
44:27 Heavy Plow
47:23 Conscription
COSTAMDP
2:00 Loom
11:02 Feudal Age
17:30 Castle Age
15:26 Double-Bit Axe
16:21 Gold Mining
19:01 Bow Saw
20:05 Forging
35:06 Stone Mining
39:59 Iron Casting
39:30 Scale Barding Armor
39:52 Ballistics
42:19 Pikeman
42:59 Squires
46:04 Imperial Age
46:20 Cavalier
47:01 Husbandry
47:03 Capped Ram
50:43 Paladin
52:15 Gold Shaft Mining
Connection lost

Rejoining the realm…

Still unreachable

The connection could not be restored.

Session expired

The server has moved on; the page needs a fresh start.